cohdb
Replays
Latest Replays
All Replays
Popular Replays
Top Player Replays
Match Explorer
How It Works
Community
CoH3 Stats
Reddit
Sign in to upload your games and track your stats! →
Sign in with Steam
Match 46579111
Unlisted
Match 46579111
Overview
Messages
Build Orders
End
Vickers Machine Gun Team
Construct Section Command Post
Dingo Light Scout Car
Infantry Section
ML 3-inch Mortar Team
Construct Platoon Command Post
Humber Armored Car
Selects Air and Sea Battlegroup
Selects Supply Surplus
Construct Field Infirmary
Royal Engineer Section
Ra11
MatioS
Zbirga
Dirkradix
Prime
Valieriumborn
raven182
Deutsche Eiche
0
0
Comments
sign in to comment!
No comments posted yet!